 Dungeon Crawl Stone Soup version 0.27.1-2-g3b301248ec (webtiles) character file.

Game seed: 16167660754580491537

18 Descartes the Sneak (level 2, 0/24 HPs)
             Began as a Deep Elf Wanderer on Oct 3, 2021.
             Slain by an adder (2 damage)
             ... on level 1 of the Dungeon.
             The game lasted 00:02:51 (1814 turns).

Descartes the Sneak (Deep Elf Wanderer)             Turns: 1814, Time: 00:02:51

Health: 0/24       AC: 21    Str:  7    XL:     2   Next: 48%
Magic:  5/5        EV:  2    Int: 17    God:
Gold:   95         SH:  7    Dex: 15    Spells: 3/3 levels left

rFire    . . .     SeeInvis .   a - +0 dagger
rCold    . . .     Faith    .   e - +0 kite shield
rNeg     + + +     Spirit   .   (armour currently unavailable)
rPois    +         Reflect  .   (helmet currently unavailable)
rElec    .         Harm     .   (cloak currently unavailable)
rCorr    .         Rampage  .   (gloves currently unavailable)
Will     .....     NoTele   +   (boots currently unavailable)
Stlth    +++.......             (no amulet)
HPRegen  0.08/turn              h - ring of poison resistance
MPRegen  0.09/turn              (no ring)

@: tree-form
A: stationary, stasis, torment immunity, boosted hp
a: no special abilities


You were on level 1 of the Dungeon.
You were a tree.
You visited 1 branch of the dungeon, and saw 2 of its levels.

You collected 95 gold pieces.

Inventory:

Hand Weapons
 a - a +0 dagger (weapon)
Missiles
 g - 18 stones (quivered)
Armour
 d - a +0 robe (melded)
 e - a +0 kite shield (worn)
 j - a +0 pair of gloves (melded)
Jewellery
 h - a ring of poison resistance (left branch)
Scrolls
 b - a scroll of teleportation
 f - a scroll of noise {unknown}
 i - a scroll of fear {unknown}


   Skills:
 - Level 1.0 Fighting
 - Level 2.0 Short Blades
 - Level 1.0 Staves
 - Level 6.0 Stealth
 + Level 2.0 Shields
 + Level 1.0 Spellcasting


You had 3 spell levels left.
You didn't know any spells.
Your spell library contained the following spells:

 Spells                   Type           Power      Damage    Failure   Level
 Summon Small Mammal      Summ           0%         N/A       75%         1
 Call Canine Familiar     Summ           0%         N/A       98%         3
 Summon Guardian Golem    Hex/Summ       0%         N/A       98%         3


Dungeon Overview and Level Annotations

Branches:
Dungeon (2/15)

Altars:


Message History

You block the adder's attack.
Really quaff the potion of lignification?
Okay, then.
Really quaff the potion of lignification?
You turn into a tree.
Your +0 pair of gloves melds into your body.
Your +0 robe melds into your body.
Your roots penetrate the ground.
You block the adder's attack.
You closely miss the adder.
The adder is lightly wounded.
The adder bites you but does no damage. You block the adder's attack.
You hit the adder but do no damage.
The adder is lightly wounded.
The adder bites you but does no damage.
You hit the adder but do no damage.
The adder is lightly wounded.
The adder bites you but does no damage. x2
You barely miss the adder.
The adder is lightly wounded.
You block the adder's attack.
You hit the adder but do no damage.
The adder is lightly wounded.
The adder bites you.
* * * LOW HITPOINT WARNING * * *
You block the adder's attack.
You miss the adder.
The adder is lightly wounded.
The adder bites you but does no damage.
You hit the adder but do no damage.
The adder is lightly wounded.
The adder bites you but does no damage. x2
You miss the adder.
The adder is lightly wounded.
The adder bites you but does no damage.
You closely miss the adder.
The adder is lightly wounded.
The adder bites you.
* * * LOW HITPOINT WARNING * * *
The adder bites you.
You die...

# ##.##.###.# #....## ##.......
####.........###.....####........
'.......................'........
####.......###.#.....####........
# ##..###.# ##..##.## ##.......
#...# #.# ##.#.## ##.....#
#.#.###.# #..## ##...## #.#.....#
#.## ##'## #.####### #♣# #.# #.#
#S# #.# #.# #####.##### ##.## #.#
#.........# ##...## #.#
#.###.###.# #...... #.# #.# #.#
#.# ##....# ####.# #.#
#.###.########.#.# .....# #.#
#................# ######
#.#######.##########..


You could see an adder.

Vanquished Creatures
  2 ball pythons (D:1)
  A bat (D:1)
  3 endoplasms (D:1)
  4 goblins
  2 hobgoblins (D:1)
  A frilled lizard (D:1)
  A kobold (D:1)
  A rat (D:1)
15 creatures vanquished.

Notes
Turn   | Place    | Note
-------+----------+-------------------------------------------
     0 | D:1      | Descartes the Deep Elf Wanderer began the quest for the
                  | Orb.
     0 | D:1      | Descartes set off with the following items: a +0 dagger, a
                  | scroll of teleportation, a potion of lignification, a +0
                  | robe, a +0 kite shield
     0 | D:1      | Reached XP level 1. HP: 12/12 MP: 3/3
   835 | D:1      | Reached XP level 2. HP: 7/16 MP: 4/4
  1031 | D:1      | Found a faded altar of an unknown god.
  1616 | D:1      | Reached skill level 1 in Spellcasting
  1814 | D:1      | Slain by an adder

Illustrated notes

Levels and vault maps discovered:
D:1:      mushboom_english_gardens, layout_loops_corners,
          ebering_ecumenical_altar_mist, chequers_decorated_corner
D:2:      layout_basic

Skill      XL: |  1  2 |
---------------+-------+-----
Shields        | 2 |  2.0
Spellcasting   | 1 |  1.0
Fighting       | |  1.0
Short Blades   | |  2.0
Staves         | |  1.0
Stealth        | |  6.0

Action                   || total
-------------------------++-------
Melee: Dagger            ||    78
  Use: Potion            ||     1
 Stab: Sleeping          ||     5
Armor: Robe              ||    17
       Skin              ||     8
Dodge: Dodged            ||    23
Block: Kite shield       ||    28
